 Dungeon Crawl Stone Soup version 0.17.0-28-g6e173f8 (webtiles) character file.

384 DeXoteric the Changer (level 6, -17/47 HPs)
             Began as a Draconian Transmuter on Nov 23, 2015.
             Demolished by an ogre
             ... wielding a +0 giant club
              (27 damage)
             ... on level 4 of the Dungeon.
             The game lasted 00:12:10 (5157 turns).

DeXoteric the Changer (Draconian Transmuter)        Turns: 5157, Time: 00:12:10

Health: -17/47     AC:  7    Str: 12    XL:     6   Next: 47%
Magic:  10/10      EV: 12    Int: 16    God:
Gold:   154        SH:  0    Dex: 11    Spells: 2 memorised, 5 levels left

rFire  . . .     SeeInvis .     a - +1 dagger (venom)
rCold  . . .     Clarity  .     (armour unavailable)
rNeg   + . .     SustAt   .     (no shield)
rPois  .         Gourm    .     (helmet restricted)
rElec  .         Spirit   .     (no cloak)
rCorr  .         Warding  +     k - +0 pair of gloves
rMut   .         Stasis   .     (no boots)
MR     .....                    m - amulet of warding
Stlth  +.........               (no ring)
                                (no ring)

@: not resistant to hostile enchantments, very unstealthy
A: unfitting armour, cold-blooded, AC +6
a: no special abilities


You were on level 4 of the Dungeon.
You were very hungry.

You visited 1 branch of the dungeon, and saw 4 of its levels.

You collected 154 gold pieces.

Inventory:

Hand Weapons
 a - a +1 dagger of venom (weapon)
 b - a +0 blowgun
 d - a +3 spear
Missiles
 q - 29 arrows
 t - 21 poisoned needles
Armour
 k - a +0 pair of gloves (worn)
Jewellery
 m - an amulet of warding (around neck)
 v - an uncursed ring of fire
Wands
 p - a wand of frost (8)
Scrolls
 f - 3 scrolls of identify {unknown}
 i - 2 scrolls of magic mapping {unknown}
 l - a scroll of remove curse {unknown}
 n - 3 scrolls of teleportation {unknown}
 u - a scroll of enchant armour {unknown}
 y - a scroll of enchant weapon {unknown}
Potions
 e - a potion of lignification {unknown}
 j - a potion of degeneration {unknown}
 r - a potion of might {unknown}
 x - a potion of heal wounds {unknown}
Books
 s - a book of Changes

   Spells                             Type                      Level
   a - Beastly Appendage              Transmutation                1
   b - Sticks to Snakes               Transmutation                2
   c - Spider Form                    Transmutation/Poison         3
   d - Ice Form                       Ice/Transmutation            4
   e - Blade Hands                    Transmutation                5
Comestibles
 c - 7 bread rations
 g - a slice of pizza
 h - a meat ration
 o - a beef jerky


   Skills:
 - Level 1.1 Fighting
 - Level 1.7 Dodging
 - Level 3.0 Unarmed Combat
 - Level 3.2 Spellcasting
 * Level 6.4 Transmutations


You had 5 spell levels left.
You knew the following spells:

 Your Spells              Type           Power        Failure   Level  Hunger
a - Beastly Appendage     Trmt           ###...       1%          1    None
b - Blade Hands           Trmt           ###.......   38%         5    ######.


Dungeon Overview and Level Annotations

Branches:
Dungeon (4/15)
 Temple: D:4-7

Altars:
Gozag
Zin

Shops:
D:4 :


Innate Abilities, Weirdness & Mutations

Your plain brown scales are hard (AC +6).
Your body does not fit into most forms of armour.
You are cold-blooded and may be slowed by cold attacks.


Message History

You see here a tattered robe.
An ogre comes into view. It is wielding a giant club.
The ogre shouts!
Casting: Beastly Appendage
Confirm with . or Enter, or press ? or * to list all spells.
You grow a pair of large bovine horns.
The ogre hits you with a giant club!!
Ouch! That really hurt!
* * * LOW HITPOINT WARNING * * *
You hit the ogre but do no damage. The ogre barely misses you.
Your transformation is almost over.
You see here a tattered robe.
Your horns disappear.
The ogre hits you with a giant club!!
* * * LOW HITPOINT WARNING * * *
You hit the ogre.
The ogre is poisoned.
You tail-slap the ogre.
The ogre is moderately wounded.
The ogre hits you with a giant club!!
Ouch! That really hurt!
You die...

#.#######..# #.# #.# #..#
#.# #.#######..# #.#
#.#........# ########.#
#.#.######.# #.....##.#
#.#.######.####.###.##.###
#.#........#......#.##....
#.##########.##.#.#.######
#........dO..##...#.......
############.##.##########
######


You could see an ogre.

Vanquished Creatures
  An ice beast (D:4)
  A scorpion (D:4)
  2 iguanas (D:4)
  2 orc wizards (D:3)
  3 adders
  An adder skeleton (D:4)
  2 worms
  8 orcs
  8 bats
  7 giant cockroaches
  7 goblins
  4 hobgoblins
  13 jackals
  8 kobolds
  A ball python (D:2)
  6 giant geckos
  7 giant newts
  2 quokkas
  6 rats
89 creatures vanquished.

Notes
Turn   | Place    | Note
--------------------------------------------------------------
     0 | D:1      | DeXoteric the Draconian Transmuter began the quest for the Orb.
     0 | D:1      | Reached XP level 1. HP: 16/16 MP: 3/3
   212 | D:1      | Reached XP level 2. HP: 23/23 MP: 5/5
   939 | D:2      | Reached XP level 3. HP: 14/28 MP: 4/6
  1107 | D:2      | Found a faded altar to an unknown god.
  2260 | D:3      | Reached skill level 4 in Transmutations
  2260 | D:3      | Reached XP level 4. HP: 23/35 MP: 4/8
  2813 | D:3      | Reached XP level 5. HP: 27/40 MP: 9/9
  3019 | D:3      | Found an opulent altar of Gozag.
  3020 | D:3      | Found a glowing silver altar of Zin.
  3818 | D:4      | Learned a level 5 spell: Blade Hands
  3855 | D:4      | Reached skill level 5 in Transmutations
  3993 | D:4      | Found Cuptint's Book Shop.
  4097 | D:4      | Noticed an ice beast
  4191 | D:4      | Killed an ice beast
  4191 | D:4      | Reached skill level 6 in Transmutations
  4191 | D:4      | Reached XP level 6. HP: 4/47 MP: 10/10
  5157 | D:4      | Demolished by an ogre

Action                   |  1- 3 |  4- 6 || total
-------------------------+-------+-------++-------
Melee: Spear             |   104 |       ||   104
       Dagger            |    53 |   129 ||   182
 Cast: Beastly Appendage |     4 |     2 ||     6
Evoke: Wand              |       |     1 ||     1
 Stab: Sleeping          |     1 |       ||     1
  Eat: Chunk             |     4 |     8 ||    12
